AoeStats
← ThunderboltX

Arabia

509770088Analyzed
1v1 RM · 5d ago on Sep 28, 2026· 49m 47s· 2 players
Game mode
Random Map
Map size
Tiny (2 player)
Population
200
Speed
Normal
Resources
Standard
Victory
Conquest
Starting age
Dark Age
Ending age
Imperial Age
RankedLock teamsTeams togetherTeam positionsShared explorationLock speedFull tech treeHidden civsTurbo modeCheats
Victory
Defeat
🇺🇸 Turks · United States
2072
+28
🇧🇬 Burgundians · Bulgaria
2406
-28
ThunderboltX
5:54 Loom
8:22 Feudal Age
7:24 Double-Bit Axe
13:04 Bow Saw
13:02 Horse Collar
20:12 Castle Age
18:31 Fletching
19:47 Padded Archer Armor
20:50 Bodkin Arrow
20:19 Crossbowman
20:58 Gold Mining
22:07 Ballistics
22:34 Elite Skirmisher
26:02 Wheelbarrow
27:57 Heavy Plow
28:55 Stone Mining
29:41 Gold Shaft Mining
30:30 Two-Man Saw
30:55 Hand Cart
30:26 Town Watch
32:43 Leather Archer Armor
36:26 Imperial Age
34:43 Scale Barding Armor
35:11 Forging
36:35 Husbandry
37:08 Bracer
38:27 Chemistry
38:23 Masonry
38:25 Cavalier
39:54 Conscription
40:28 Paladin
44:43 Chain Barding Armor
45:42 Light Cavalry
48:26 Plate Barding Armor
48:41 Hussar
50:28 Iron Casting
wappla
7:38 Loom
10:00 Feudal Age
10:37 Double-Bit Axe
17:53 Castle Age
17:09 Horse Collar
17:21 Fletching
17:55 Crossbowman
18:37 Bodkin Arrow
20:52 Bow Saw
25:17 Wheelbarrow
27:21 Hand Cart
31:19 Imperial Age
30:18 Scale Barding Armor
31:01 Heavy Plow
31:58 Chain Barding Armor
32:11 Bracer
33:29 Ballistics
35:47 Plate Barding Armor
38:17 Bloodlines
38:07 Husbandry
39:24 Padded Archer Armor
41:54 Conscription
43:58 Parthian Tactics
44:10 Leather Archer Armor
47:15 Thumb Ring
48:09 Heavy Cavalry Archer
Connection lost

Rejoining the realm…

Still unreachable

The connection could not be restored.

Session expired

The server has moved on; the page needs a fresh start.